 Dungeon Crawl Stone Soup version 0.31-a0-188-g5e087ee2ca (webtiles) character file.

Game seed: 1382201636717583114

14 qw the Shooter (level 2, -2/16 HPs)
             Began as a Deep Elf Hunter on June 23, 2023.
             Frozen to death by an endoplasm (4 damage)
             ... on level 1 of the Dungeon.
             The game lasted 00:00:08 (300 turns).

qw the Shooter (Deep Elf Hunter)                     Turns: 300, Time: 00:00:09

Health: -2/16      AC:  3    Str:  8    XL:     2   Next: 27%
Magic:  4/4        EV: 12    Int: 13    God:
Gold:   14         SH:  0    Dex: 18    Spells: 1/1 levels left

rFire   . . .        a - +0 shortbow
rCold   . . .        (shield currently unavailable)
rNeg    . . .        c - +0 leather armour
rPois   .            (no helmet)
rElec   .            (no cloak)
rCorr   .            (no gloves)
SInv    .            (no boots)
Will    .....        (no amulet)
Stlth   ++           (no ring)
HPRegen 0.22/turn    (no ring)
MPRegen 0.09/turn

%: no passive effects
@: no status effects
A: no striking features
a: no special abilities


You were on level 1 of the Dungeon.
You visited 1 branch of the dungeon, and saw 1 of its levels.

You collected 14 gold pieces.


   Skills:
 - Level 1.5 Fighting
 + Level 6.1 Ranged Weapons
 - Level 2.4 Dodging
 - Level 1.2 Stealth


You had one spell level left.
You didn't know any spells.
Your spell library was empty.

Inventory:

Hand Weapons
 a - a +0 shortbow (weapon)
Armour
 c - a +0 leather armour (worn)
 g - a +0 pair of boots
Scrolls
 b - a scroll of butterflies
 e - 3 scrolls of identify {unknown}
 f - a scroll of amnesia {unknown}
Potions
 d - a potion of heal wounds {unknown}
 h - a potion of mutation {unknown}

Dungeon Overview and Level Annotations

Branches:
Dungeon (1/15)

Altars:


Message History

Enter note: You shoot an arrow.
The arrow hits the kobold.
You kill the kobold!
A kobold comes into view. It is wielding a +0 dagger.
Enter note:
Enter note: You shoot an arrow.
The arrow hits the kobold.
The kobold shouts!
The kobold is heavily wounded.
A kobold and an endoplasm come into view.
The endoplasm quivers.
Enter note:
Enter note: You shoot an arrow.
The arrow closely misses the kobold.
You shoot an arrow. The arrow hits the kobold!
You kill the kobold!
The endoplasm jiggles.
The endoplasm freezes you.
You are frozen.
You shoot an arrow.
The arrow completely misses the endoplasm.
The endoplasm hits you.
The endoplasm hits you but does no damage.
You shoot an arrow.
The arrow hits the endoplasm but does no damage.
The endoplasm freezes you.
You are frozen.
You shoot an arrow. The arrow hits the endoplasm.
The endoplasm is lightly wounded.
The endoplasm freezes you.
You are frozen.
You shoot an arrow. The arrow hits the endoplasm.
The endoplasm is severely wounded.
The endoplasm freezes you.
You are frozen.
You shoot an arrow. The arrow barely misses the endoplasm.
The endoplasm jiggles.
The endoplasm freezes you.
You are frozen.
You die...

# .# # .# # ..# #
## ..# ## #. #..#
#. #.#### ..# #.
#####....###)##
#.
#..........@..#
##### #.
.####...###J.#
###...###. ##.##
..# ##.......## #
#.# ..#
#.........# ##.
#.# ..#
#....7....#
##...####.####..#
#..........
#....)..........#
#.......##
>...##.#######.#
###...####
.#.##.#.######.#
####.### ##


You could see an endoplasm.

Vanquished Creatures
  A giant cockroach (D:1)
  2 goblins (D:1)
  2 kobolds (D:1)
  2 quokkas (D:1)
  A ball python (D:1)
  2 bats (D:1)
  A frilled lizard (D:1)
  2 rats (D:1)
13 creatures vanquished.

Notes
Turn   | Place    | Note
-------+----------+-------------------------------------------
     0 | D:1      | qw the Deep Elf Hunter began the quest for the Orb.
     0 | D:1      | Reached XP level 1. HP: 12/12 MP: 3/3
     0 | D:1      | 0 ||| qw: Version: 0.3-a-9-g12657ce
     0 | D:1      | 0 ||| qw: Game counter: 3807
     0 | D:1      | 0 ||| qw: Always use a shield: true
     0 | D:1      | 0 ||| qw: God list: Okawaru
     0 | D:1      | 0 ||| qw: Allow faded altars: false
     0 | D:1      | 0 ||| qw: Do Orc after D:15 true
     0 | D:1      | 0 ||| qw: Do second Lair branch before Depths: true
     0 | D:1      | 0 ||| qw: Lair rune preference: random
     0 | D:1      | 0 ||| qw: Plans: Normal
     0 | D:1      | 0 ||| PLANNING D:1-11
   182 | D:1      | Found a faded altar of an unknown god.
   244 | D:1      | Reached skill level 6 in Ranged Weapons
   244 | D:1      | Reached XP level 2. HP: 16/16 MP: 4/4
   298 | D:1      | HP: 3/16 [frozen (5)]
   300 | D:1      | Frozen to death by an endoplasm

Levels and vault maps discovered:
D:1:      dpeg_arrival_three_same_balls, layout_loops_ring,
          ebering_ecumenical_altar_sacrificial

Skill      XL: |  1 |
---------------+----+-----
Ranged Weapons | 6 |  6.1
Fighting       | |  1.5
Dodging        | |  2.4
Stealth        | |  1.2

Action                     || total
---------------------------++-------
   Fire: Shortbow          ||    37
 Armour: Leather armour    ||     4
  Dodge: Dodged            ||    11

Table legend:
 A = Non-vault XP
 B = Vault XP
 C = Vault XP percentage of total XP
 D = Non-vault monster count
 E = Vault monster count
 F = Vault count percentage of total count
                 A         B        C        D         E       F
            +---------+---------+-------+---------+---------+-------
      Total |      20 |       0 |   0.0 |      13 |       0 |   0.0
            +---------+---------+-------+---------+---------+-------
        D:1 |      20 |       0 |   0.0 |      13 |       0 |   0.0
            +---------+---------+-------+---------+---------+-------
